 Dungeon Crawl Stone Soup version 0.20-a0-187-ge5586d949a (webtiles) character file.

24 mopl the Vexing (level 2, 0/11 HPs)
             Began as a Felid Enchanter on Nov 23, 2016.
             Slain by a jackal (3 damage)
             ... on level 2 of the Dungeon.
             The game lasted 00:01:53 (1636 turns).

mopl the Vexing (Felid Enchanter)                   Turns: 1636, Time: 00:01:54

Health: 0/11       AC:  1    Str:  4    XL:     2   Next: 79%
Magic:  1/6        EV: 18    Int: 16    God:
Gold:   40         SH:  0    Dex: 16    Spells: 2/5 levels left
                                        Lives:  0   Deaths: 0

rFire  . . .     SeeInvis +       - Unarmed
rCold  . . .     Gourm    .     (armour unavailable)
rNeg   . . .     Faith    .     (shield unavailable)
rPois  .         Spirit   .     (helmet unavailable)
rElec  .         Reflect  .     (cloak unavailable)
rCorr  .         Harm     .     (gloves unavailable)
MR     .....                    (boots unavailable)
Stlth  +++.......               (no amulet)
                                (no ring)
                                (no ring)

@: quick
A: no armour, no weapons or thrown items, stealth, claws 1, fangs 3, see
invisible, carnivore 3, speed 1, shaggy fur 1, slow metabolism 1, sharp paws
a: no special abilities


You were on level 2 of the Dungeon.
You were very full.

You visited 1 branch of the dungeon, and saw 2 of its levels.

You collected 40 gold pieces.

Inventory:

Scrolls
 c - a scroll of enchant weapon {unknown}
Potions
 d - a potion of curing {unknown}
 e - a potion of agility {unknown}
Books
 a - a book of Maledictions

   Spells                             Type                      Level
   a - Corona                         Hexes                        1
   b - Ensorcelled Hibernation        Hexes/Ice                    2
   c - Confuse                        Hexes                        3
   d - Tukima's Dance                 Hexes                        3
   e - Dazzling Spray                 Conjuration/Hexes            3
Comestibles
 b - 2 meat rations
 f - a beef jerky
 g - a chunk of flesh


   Skills:
 - Level 2.6 Dodging
 * Level 4.2 Stealth
 * Level 1.8 Unarmed Combat
 + Level 2.2 Spellcasting
 * Level 4.8 Hexes
 + Level 0.3 Ice Magic


You had 2 spell levels left.
You knew the following spells:

 Your Spells              Type           Power        Failure   Level  Hunger
a - Corona                Hex            ###....      3%          1    #......
b - Ensorcelled Hibernat  Hex/Ice        ##....       12%         2    ###....


Dungeon Overview and Level Annotations

Branches:
Dungeon (2/15)

Altars:


Innate Abilities, Weirdness & Mutations

You cannot wear armour.
You are incapable of wielding weapons or throwing items.
Your paws allow you to move quietly. (Stealth)
You have sharp claws.
You have razor-sharp teeth.
You have supernaturally acute eyesight. (SInv)
You are carnivorous and can eat meat at any time.
You cover ground quickly.
You are covered in fur. (AC +1)
You have a slow metabolism.
Your sharp claws are effective at attacking unaware monsters.


Message History

The jackal looks drowsy...
Unknown command.
The helpless jackal fails to defend itself.
You claw the jackal!
You kill the jackal!
Casting: Ensorcelled Hibernation
Confirm with . or Enter, or press ? or * to list all spells.
You don't have enough magic to cast that spell.
Unknown command.
You scratch the jackal but do no damage.
The jackal misses you. The jackal bites you.
* * * LOW HITPOINT WARNING * * *
You closely miss the jackal. The jackal misses you.
You scratch the jackal.
The jackal is heavily wounded.
The jackal closely misses you. x2
You scratch the jackal but do no damage.
The jackal is heavily wounded.
The jackal bites you.
You die...

#.#.# #.#.# #.#.#
#.#.# #.#.# #.#.#
#.#.# #.#.# #@#.#
#h#<#
#######.#######
#..............
#.......#######
#.##......%...#
#................
..................
#####.....)....###


You could see a jackal.

Vanquished Creatures
  A leopard gecko (D:1)
  A ball python (D:1)
  A giant cockroach (D:1)
  A goblin (D:1)
  2 hobgoblins (D:1)
  3 jackals (D:2)
  5 kobolds (D:1)
  2 bats
  A frilled lizard (D:1)
  4 rats
21 creatures vanquished.

Notes
Turn   | Place    | Note
-------+----------+-------------------------------------------
     0 | D:1      | mopl the Felid Enchanter began the quest for the Orb.
     0 | D:1      | Reached XP level 1. HP: 7/7 MP: 4/4
   450 | D:1      | Reached XP level 2. HP: 11/11 MP: 3/6
   484 | D:1      | Learned a level 2 spell: Ensorcelled Hibernation
  1636 | D:2      | Slain by a jackal

Vault maps used:
D:1:      dpeg_arrival_central, minivault_27, nrook_uturn, minmay_tripent
D:2:      st_stairs_5, grunt_ashenzari_visionary

Action                   || total
-------------------------++-------
Melee: Unarmed           ||    57
       Bite              ||     2
 Cast: Corona            ||     5
       Ensorcelled Hiber ||     9
 Stab: Sleeping          ||     7
  Eat: Chunk             ||     8
Armor: Skin              ||     2
Dodge: Dodged            ||    55
